Map: Dusk Towers

Players

defer - Winner!

  • Race: Protoss Protoss
  • League: Bronze

lesha

  • Race: Terran Terran
  • League: Silver

VOD

Have the link to the VOD?

Description

Time

  • Played on: Dec. 24, 2015, 9:30 a.m.
  • Length: 7:37
Show
View Real Time Build Order
Export as new Build Order

defer Protoss - Winner!

Build Orders: 1 Gate Expand 

Get SALT Encoding   

  12  0:01  Probe (Chrono Boost)  
  13  0:12  Probe (Chrono Boost)  
  14  0:19  Pylon  
  14  0:22  Probe (Chrono Boost)  
  15  0:37  Probe (Chrono Boost)  
  15  0:39  Gateway  
  16  0:48  Probe (Chrono Boost)  
  17  0:52  Assimilator  
  17  0:58  Probe (Chrono Boost)  
  18  1:09  Probe (Chrono Boost)  
  19  1:27  Nexus  
  19  1:37  Cybernetics Core  
  19  1:44  Probe (Chrono Boost), Assimilator  
  20  1:52  Pylon  
  20  1:55  Probe (Chrono Boost)  
  21  2:05  Probe (Chrono Boost)  
  22  2:18  Mothership Core (Chrono Boost)  
  22  2:21  Pylon  
  24  2:26  Pylon  
  24  2:27  Warp Gate (Chrono Boost)  
  23  2:37  Probe  
  23  2:38  Probe  
  25  2:49  Probe  
  26  2:58  Probe  
  26  3:02  Probe  
  28  3:09  Probe  
  29  3:14  Probe  
  29  3:15  Forge  
  29  3:16  Twilight Council  
  29  3:19  Probe  
  30  3:26  Probe  
  32  3:29  Assimilator  
  32  3:30  Probe  
  32  3:32  Assimilator  
  33  3:38  Probe, Protoss Ground Weapons Level 1 (Chrono Boost)  
  33  3:41  Probe  
  35  3:48  Robotics Facility  
  35  3:50  Probe  
  35  3:53  Probe  
  37  3:59  Resonating Glaives (Chrono Boost)  
  37  4:02  Probe  
  38  4:05  Probe  
  39  4:14  Probe  
  39  4:15  Gateway  
  40  4:17  Probe  
  40  4:20  Gateway  
  41  4:28  Gateway  
  41  4:31  Pylon  
  41  4:35  Probe  
  41  4:36  Probe  
  43  4:42  Warp Prism  
  45  4:48  Probe  
  45  4:49  Probe  
  47  5:00  Probe  
  47  5:04  Pylon  
  47  5:06  Stalker  
  50  5:20  Gateway x2  
  50  5:35  Stalker x3  
  56  5:50  Adept  
  58  6:02  Adept x3  
  64  6:15  Nexus  
  64  6:32  Adept  
  64  6:33  Adept x3  
  72  6:46  Pylon  
  72  6:49  Pylon  
  72  6:54  Pylon  
  72  7:00  Adept  
  72  7:01  Adept x3  
  74  7:08  Pylon  
  78  7:12  Pylon  
  78  7:14  Pylon  
  74  7:24  Adept x3  
  74  7:25  Adept x3  
Show
View Real Time Build Order
Export as new Build Order

lesha Terran 

Build Orders:  

Get SALT Encoding   

  12  0:01  SCV  
  13  0:13  SCV  
  14  0:18  Supply Depot  
  14  0:25  SCV  
  15  0:39  SCV  
  15  0:41  Barracks  
  16  0:49  Refinery  
  16  0:51  SCV  
  17  1:03  SCV  
  18  1:16  SCV  
  19  1:28  SCV  
  21  1:40  Reaper  
  21  1:44  Command Center  
  21  1:46  Orbital Command  
  21  1:59  Supply Depot  
  21  2:04  Refinery  
  21  2:16  Marine  
  21  2:22  SCV  
  23  2:34  SCV  
  24  2:50  Marine  
  25  2:53  SCV  
  25  2:58  Orbital Command  
  25  3:05  SCV  
  26  3:08  Marine  
  26  3:11  Barracks  
  26  3:12  Barracks  
  27  3:16  Factory  
  27  3:18  Barracks  
  26  3:36  Barracks Reactor  
  26  3:41  SCV x2  
  28  3:53  SCV x2  
  30  4:02  Supply Depot  
  30  4:05  SCV  
  30  4:07  Supply Depot  
  30  4:09  SCV  
  32  4:13  Supply Depot  
  32  4:16  Barracks Reactor x2, Barracks Tech Lab  
  32  4:17  SCV  
  32  4:20  Factory Tech Lab  
  32  4:21  SCV  
  34  4:29  SCV, Starport  
  35  4:31  Marine x2  
  35  4:33  SCV  
  38  4:42  SCV  
  38  4:44  Engineering Bay  
  38  4:45  SCV, Engineering Bay  
  39  4:49  Marine x2  
  39  4:51  Marauder  
  44  4:54  SCV  
  44  4:57  SCV, Marine  
  44  4:58  Marine x3  
  50  5:02  Stimpack  
  50  5:06  SCV  
  51  5:10  SCV  
  52  5:16  Refinery  
  52  5:18  SCV, Refinery, Marine x6  
  52  5:20  Marauder  
  61  5:22  SCV  
  62  5:30  SCV  
  63  5:39  Starport Reactor  
  63  5:46  SCV x2  
  63  5:48  Marine x5  
  70  6:14  Command Center, Supply Depot  
  70  6:16  Supply Depot  
  70  6:19  Marine x5  
  70  6:20  SCV x2  
  70  6:22  Marine x2  
  79  6:28  Medivac x2  
  79  6:32  SCV  
  84  6:37  Marine  
  84  6:38  Marauder  
  64  7:05  SCV x2, Marine  
  64  7:06  Marine x6  
  54  7:17  SCV x2  
Tags
 
Add a new tag
Caveats
  • Supply blocks, unpowered buildings, or Contaminate may cause inaccurate times.
  • Supply counts are checked every 10 seconds.